 Dungeon Crawl Stone Soup version 0.31-a0-355-g57cb03d3e8 (webtiles) character file.

Game seed: 12439731904886932130

61 vineage the Poker (level 4, -2/36 HPs)
             Began as a Merfolk Gladiator on July 24, 2023.
             Slain by an orc
             ... wielding a +0 war axe
              (8 damage)
             ... on level 3 of the Dungeon.
             The game lasted 00:02:45 (1704 turns).

vineage the Poker (Merfolk Gladiator)               Turns: 1704, Time: 00:02:45

Health: -2/36      AC:  9    Str: 16    XL:     4   Next: 7%
Magic:  4/4        EV:  8    Int:  7    God:
Gold:   136        SH:  0    Dex: 15    Spells: 3/3 levels left

rFire   . . .        a - +0 trident
rCold   . . .        (no shield)
rNeg    . . .        j - +0 chain mail
rPois   .            c - +0 helmet
rElec   .            (no cloak)
rCorr   .            (no gloves)
SInv    .            (no boots)
Will    .....        (no amulet) Stlth
                     (no ring)
HPRegen 0.26/turn    (no ring)
MPRegen 0.09/turn

%: no passive effects
@: confused
A: (nimble swimmer 2), mertail
a: no special abilities


You were on level 3 of the Dungeon.
You visited 1 branch of the dungeon, and saw 3 of its levels.

You collected 136 gold pieces.

Inventory:

Hand Weapons
 a - a +0 trident (weapon)
Missiles
 d - 3 throwing nets (quivered)
 e - a javelin
Armour
 b - a +0 leather armour
 c - a +0 helmet (worn)
 j - a +0 chain mail (worn)
Jewellery
 n - a +6 ring of dexterity
Scrolls
 f - a scroll of fear
 i - a scroll of silence {unknown}
 k - a scroll of torment {unknown}
 m - 2 scrolls of identify {unknown}
 o - a scroll of enchant weapon {unknown}
Potions
 g - a potion of berserk rage {unknown}
 l - a potion of might {unknown}


   Skills:
 + Level 3.6 Fighting
 + Level 5.3 Polearms
 - Level 2.0 Throwing
 - Level 4.0 Dodging


You had 3 spell levels left.
You didn't know any spells.
Your spell library was empty.

Dungeon Overview and Level Annotations

Branches:
Dungeon (3/15)

Altars:


Innate Abilities, Weirdness & Mutations

((You are very nimble when in or above water. (Stealth+, EV+, Speed+++)))
Your lower body shifts to a powerful aquatic tail in water.


Message History

You are too injured to fight recklessly!
You are too injured to fight recklessly!
You are too injured to fight recklessly!
You are too injured to fight recklessly!
You are too injured to fight recklessly!
You are too injured to fight recklessly!
You closely miss the orc.
The orc is moderately wounded.
You hear some strange, mumbled words.
You are confused.
The orc hits you with a +0 war axe.
You bump into the rock wall.
Something hits you. The orc barely misses you.
You completely miss something. The orc hits you with a +0 war axe.
* * * LOW HITPOINT WARNING * * *
You hear some strange, mumbled words.
A magic dart appears from out of thin air!
The magic dart hits you.
* * * LOW HITPOINT WARNING * * *
You bump into the rock wall.
Something hits you but does no damage. The orc barely misses you.
It was a potion of curing.
You feel better. Something hits you but does no damage.
The orc hits you with a +0 war axe.
* * * LOW HITPOINT WARNING * * *
You hit the orc.
The orc is severely wounded.
Something hits you but does no damage. The orc hits you with a +0 war axe.
* * * LOW HITPOINT WARNING * * *
You feel better.
You hear some strange, mumbled words.
You are confused.
The orc hits you with a +0 war axe.
You hit something but do no damage. The orc barely misses you.
Something hits you but does no damage.
You hear some strange, mumbled words.
A magic dart appears from out of thin air!
The magic dart hits you.
* * * LOW HITPOINT WARNING * * *
The orc barely misses you.
You miss something. The orc hits you with a +0 war axe!
You die...

#..~.~~~.~~~.# #.#.#####
#..~...~#♣...#### #.#......
#..~≈.≈..~≈.♣...# #.#..####
##..~~~~.~.≈~...# #.#..#
#.~#.♣~....~...######.#).#
#.~##.~#..♣~...+......#..# ##
#.....~.~~.....#####..#..#
.#####......######.####.....#####
.'...'......+..o@..........>.....
.#####......###{##.####...#.#####
.# #......# #. #.##...###.#....
.# ######## #. #.##.### #.#.###
.####### #. #.##.# #.#.#..
........ .. #.##.#####.#.#.#
######## ####........#)#.#.#
#.........#.#.#..
###.###.....#.#.###


You could see an orc.

Vanquished Creatures
  An adder (D:3)
  A dart slug (D:3)
  An orc (D:3)
  4 bats
  6 endoplasms
  3 giant cockroaches (D:1)
  4 goblins
  5 hobgoblins
  2 quokkas
  2 ball pythons (D:1)
  5 frilled lizards
  5 kobolds
  7 rats
46 creatures vanquished.

Notes
Turn   | Place    | Note
-------+----------+-------------------------------------------
     0 | D:1      | vineage the Merfolk Gladiator began the quest for the Orb.
     0 | D:1      | Reached XP level 1. HP: 16/16 MP: 1/1
   106 | D:1      | Reached XP level 2. HP: 23/23 MP: 2/2
   333 | D:1      | Found a faded altar of an unknown god.
   468 | D:1      | Reached XP level 3. HP: 24/29 MP: 3/3
   961 | D:1      | Reached skill level 5 in Polearms
  1088 | D:2      | You fall into a shaft and drop 1 floor!
  1604 | D:3      | Reached XP level 4. HP: 35/35 MP: 4/4
  1704 | D:3      | Slain by an orc

Illustrated notes

Levels and vault maps discovered:
D:1:      psy_arrival_radial01, layout_basic,
          hellmonk_ecumenical_altar_prayer_group, serial_bayou_pond_b,
          chequers_garden, minivault_26, minmay_heptomino_d4
D:2:      layout_basic
D:3:      layout_basic, hangedman_decor_points, chequers_serial_rivers_marsh

Skill      XL: |  1  2  3 |
---------------+----------+-----
Fighting       | 3 |  3.6
Polearms       | 5 |  5.3
Throwing       | |  2.0
Dodging        | |  4.0

Action                     |  1- 3 |  4- 6 || total
---------------------------+-------+-------++-------
  Melee: Trident           |   113 |    20 ||   133
    Use: Scroll            |     4 |       ||     4
         Potion            |       |     2 ||     2
   Stab: Sleeping          |     3 |       ||     3
 Armour: Leather armour    |    11 |       ||    11
         Chain mail        |    10 |     9 ||    19
  Dodge: Dodged            |    53 |     4 ||    57

Table legend: (Time is in decaauts)
 A = Elapsed time spent in this place.
 B = Non-inter-level travel time spent in this place.
 C = Inter-level travel time spent in this place.
 D = Time resting spent in this place.
 E = Time spent auto-exploring this place.
 F = Levels seen in this place.
 G = Mean time per level.
                   A        B        C        D        E       F      G
               +--------+--------+--------+--------+--------+-----+--------+
         Total |   1702 |   1652 |     50 |      0 |   1348 |   3 |  567.3 |
       Dungeon |   1702 |   1652 |     50 |      0 |   1348 |   3 |  567.3 |
               +--------+--------+--------+--------+--------+-----+--------+

Top non-repeatable levels by time:
     D:1: 1057 daAuts
     D:3: 611 daAuts
     D:2: 32 daAuts
